 Dungeon Crawl Stone Soup version 0.32-a0-7-ge934b4519a (webtiles) character file.

Game seed: 17474874765979402478

1823599 Laraso the Impregnable (level 25, 238/238 HPs)
             Began as a Minotaur Hunter on Jan 14, 2024.
             Was a High Priest of Okawaru.
             Escaped with the Orb
             ... and 3 runes!
             The game lasted 02:01:21 (57342 turns).

Laraso the Impregnable (Minotaur Hunter)           Turns: 57342, Time: 02:01:22

Health: 238/238    AC: 50    Str: 19    XL:     25   Next: 98%
Magic:  34/34      EV: 26    Int:  8    God:    Okawaru [*****.]
Gold:   4779       SH:  0    Dex: 26    Spells: 25/32 levels left

rFire   + + .        a - +6 arbalest "Damnation" {damnation}
rCold   + . .        (shield currently unavailable)
rNeg    + . .        v - +11 shadow dragon scales
rPois   .            N - +2 hat {Will+}
rElec   +            q - scarf of Imperfection {repulsion, Int+4}
rCorr   .            V - +3 pair of gloves "Roagops" {Rampage Str+3}
SInv    .            c - +4 pair of boots of the Twisting Gods {Rampage rElec}
Will    +++..        g - amulet of regeneration
Stlth   ++           w - ring of protection from fire
HPRegen 1.39/turn    i - ring of Doors {rC++ rN+ Will+ AC+4 Stlth-}
MPRegen 0.24/turn

%: random rage (9%), repel missiles, rampage
@: hasted (expiring), very quick
A: horns 2, retaliatory headbutt, thin skeletal structure 1, berserk 2, clumsy
1, deterioration 2, dopey 1, fire resistance 1, cold vulnerability 1, inability
to read after injury 1, MP-powered wands, sturdy frame 1
0: Orb of Zot
}: 3/15 runes: decaying, slimy, gossamer
a: Renounce Religion, Heroism, Finesse, Duel


You escaped.
You worshipped Okawaru.
Okawaru was extremely pleased with you.
You visited 11 branches of the dungeon, and saw 52 of its levels.
You also visited: Ossuary and Wizlab.

You collected 7340 gold pieces.
You spent 2561 gold pieces at shops.

Inventory:

Hand Weapons
 a - the +6 arbalest "Damnation" (weapon) {damnation}
   (You bought it in a shop on level 2 of the Orcish Mines)
Armour
 c - the +4 pair of boots of the Twisting Gods (worn) {Rampage rElec}
   (You found it on level 3 of the Elven Halls)

   rElec:     It insulates you from electricity.
   Rampage:   It bestows one free step when moving towards enemies.
 q - the scarf of Imperfection (worn) {repulsion, Int+4}
   (Okawaru gifted it to you on level 11 of the Dungeon)

   Int+4:     It affects your intelligence (+4).
 r - the +0 pair of fencer's gloves {Riposte Dex+3}
   (You found it in a wizard's laboratory)

   Riposte:   It allows the wearer to riposte with melee weapons, swiftly
   retaliating against missed or blocked melee attacks.
   Dex+3:     It affects your dexterity (+3).
 v - +11 shadow dragon scales (worn)
 B - the +5 moon troll leather armour {Spirit, Regen++ MP+5}
   (You took it off a moon troll in a wizard's laboratory)

   MP+5:      It affects your magic capacity (+5).
   Regen++:   It increases your rate of health regeneration.
 N - a +2 hat of willpower (worn)
 V - the +3 pair of gloves "Roagops" (worn) {Rampage Str+3}
   (You found it on level 4 of the Spider Nest)

   Str+3:     It affects your strength (+3).
   Rampage:   It bestows one free step when moving towards enemies.
Jewellery
 g - an amulet of regeneration (around neck)
 i - the ring of Doors (right hand) {rC++ rN+ Will+ AC+4 Stlth-}
   (You found it on level 3 of the Realm of Zot)

   [ring of protection]

   AC+4:      It affects your AC (+4).
   rC++:      It greatly protects you from cold.
   rN+:       It protects you from negative energy.
   Will+:     It increases your willpower.
   Stlth-:    It makes you less stealthy.
 n - a ring of resist corrosion
 w - a ring of protection from fire (left hand)
 C - the ring of Liycaepse {rElec rC+ Int+6}
   (You acquired it on level 4 of the Lair of Beasts)

   [ring of intelligence]

   Int+6:     It affects your intelligence (+6).
   rC+:       It protects you from cold.
   rElec:     It insulates you from electricity.
 R - a +5 ring of evasion
 W - a ring of willpower
 X - the ring "Kolimi" {rPois rN+}
   (You found it on level 3 of the Elven Halls)

   [ring of positive energy]

   rPois:     It protects you from poison rN+: It protects you from negative
   energy.
Wands
 b - a wand of digging (11)
 F - a wand of iceblast (39)
 G - a wand of polymorph (32)
 K - a wand of acid (41)
 M - a wand of mindburst (53)
 Q - a wand of flame (75)
Scrolls
 e - 14 scrolls of vulnerability
 k - 4 scrolls of torment
 t - 6 scrolls of poison
 u - 12 scrolls of immolation
 y - 8 scrolls of fear
 E - 7 scrolls of fog
 I - 13 scrolls of teleportation
 T - 4 scrolls of butterflies
Potions
 f - 10 potions of attraction
 h - 3 potions of berserk rage
 j - 13 potions of curing
 p - 12 potions of heal wounds
 s - 3 potions of haste
 x - 7 potions of mutation
 z - 6 potions of enlightenment
 A - 7 potions of might
 D - 4 potions of cancellation
 H - 6 potions of invisibility
 J - 5 potions of ambrosia
Miscellaneous
 d - a condenser vane
 L - a lightning rod (4/4)


   Skills:
 - Level 22.0 Fighting
 - Level 22.0 Ranged Weapons
 - Level 22.0 Armour
 - Level 22.0 Dodging
 - Level 0.7 Stealth
 - Level 14.0 Shields
 - Level 4.0 Spellcasting
 - Level 14.0 Necromancy
 - Level 2.0 Air Magic
 - Level 2.0 Alchemy
 * Level 17.6 Invocations
 - Level 12.0 Evocations


You had 25 spell levels left.
You knew the following spells:

 Your Spells              Type           Power      Damage    Failure   Level
a - Fugue of the Fallen   Necr           24%        N/A       1%          3
b - Sublimation of Blood  Necr           24%        N/A       1%          2
c - Cigotuvi's Dreadful   Necr/Alch/Air  22%        N/A       10%         2

Your spell library contained the following spells:

 Spells                   Type           Power      Damage    Failure   Level
 Necrotise                Necr           96%        1d8       1%          1
 Dispel Undead            Necr           24%        3d12      2%          4
 Kiss of Death            Conj/Necr      48%        2d9       4%          1
 Curse of Agony           Necr           24%        N/A       7%          5
 Shock                    Conj/Air       12%        1d3       45%         1
 Sting                    Conj/Alch      12%        1d3       45%         1
 Apportation              Tloc           2%         N/A       61%         1
 Foxfire                  Conj/Fire      4%         2x1d4     61%         1
 Freeze                   Ice            4%         1d3       61%         1
 Swiftness                Air            4%         N/A       71%         3
 Blink                    Tloc           2%         N/A       75%         2
 Ensorcelled Hibernation  Hex/Ice        2%         N/A       75%         2
 Jinxbite                 Hex            2%         N/A       75%         2
 Lesser Beckoning         Tloc           2%         N/A       75%         2
 Momentum Strike          Conj/Tloc      2%         3d8       75%         2
 Borgnjor's Vile Clutch   Necr/Erth      6%         N/A       77%         5
 Mephitic Cloud           Conj/Alch/Air  3%         N/A       80%         3
 Confusing Touch          Hex            1%         N/A       93%         3
 Dazzling Flash           Conj/Hex       2%         N/A       93%         3
 Frozen Ramparts          Ice            2%         1d1       93%         3
 Gell's Gravitas          Tloc           1%         N/A       93%         3
 Hailstorm                Conj/Ice       1%         3d5       93%         3
 Ozocubu's Armour         Ice            1%         N/A       93%         3
 Passwall                 Erth           1%         N/A       93%         3
 Sigil of Binding         Hex            1%         N/A       93%         3
 Stone Arrow              Conj/Erth      2%         3d7       93%         3
 Teleport Other           Tloc           1%         N/A       93%         3
 Volatile Blastmotes      Fire/Tloc      2%         2d10      93%         3
 Fulminant Prism          Conj/Alch      1%         3d5       99%         4
 Ignite Poison            Fire/Alch      3%         N/A       99%         4
 Leda's Liquefaction      Alch/Erth      1%         N/A       99%         4
 Petrify                  Alch/Erth      3%         N/A       99%         4
 Sticky Flame             Fire/Alch      3%         2d4       99%         4
 Vhi's Electric Charge    Tloc/Air       6%         N/A       99%         4
 Brom's Barrelling Bould  Conj/Erth      1%         2d3       100%        4
 Cause Fear               Hex            0%         N/A       100%        4
 Dimensional Bullseye     Hex/Tloc       0%         N/A       100%        4
 Iskenderun's Mystic Bla  Conj/Tloc      1%         2d3       100%        4
 Manifold Assault         Tloc           1%         N/A       100%        4
 Passage of Golubria      Tloc           1%         N/A       100%        4
 Alistair's Intoxication  Alch           2%         N/A       100%        5
 Fireball                 Conj/Fire      0%         3d3       100%        5
 Freezing Cloud           Conj/Ice/Air   1%         6-21      100%        5
 Irradiate                Conj/Alch      1%         3d12      100%        5
 Iskenderun's Battlesphe  Conj           1%         2d6       100%        5
 Lee's Rapid Deconstruct  Erth           0%         3d4*      100%        5
 Metabolic Englaciation   Hex/Ice        0%         N/A       100%        5
 Silence                  Hex/Air        1%         N/A       100%        5
 Yara's Violent Unravell  Hex/Alch       1%         3d3       100%        5
 Bombard                  Conj/Erth      0%         9d1       100%        6
 Conjure Ball Lightning   Conj/Air       1%         3x3d6     100%        6
 Dispersal                Tloc           0%         N/A       100%        6
 Eringya's Noxious Bog    Alch           2%         4d6       100%        6
 Plasma Beam              Fire/Air       1%         2x1d11    100%        6
 Starburst                Conj/Fire      0%         6d3       100%        6
 Enfeeble                 Hex            0%         N/A       100%        7
 Orb of Destruction       Conj           0%         9d5       100%        7
 Discord                  Hex            0%         N/A       100%        8
 Disjunction              Tloc           0%         N/A       100%        8
 Ignition                 Fire           0%         3d3       100%        8
 Lehudib's Crystal Spear  Conj/Erth      0%         10d2      100%        8
 Maxwell's Capacitive Co  Air            2%         ∞         100%        8
 Shatter                  Erth           0%         3d5*      100%        9
 Summon Small Mammal      Summ           Unusable   N/A       N/A         1
 Call Canine Familiar     Summ           Unusable   N/A       N/A         3
 Summon Ice Beast         Ice/Summ       Unusable   N/A       N/A         3
 Summon Lightning Spire   Summ/Air       Unusable   N/A       N/A         4
 Animate Armour           Summ/Erth      Unusable   N/A       N/A         4
 Sculpt Simulacrum        Ice/Alch       Unusable   N/A       N/A         6
 Dragon's Call            Summ           Unusable   N/A       N/A         9

Dungeon Overview and Level Annotations

Branches:
Dungeon (15/15)            Temple (1/1) D:4            Lair (5/5) D:9
  Swamp (4/4) Lair:3       Spider (4/4) Lair:2        Slime (5/5) Lair:4
    Orc (2/2) D:10            Elf (3/3) Orc:2        Vaults (4/5) D:14
  Crypt (0/3) Vaults:3     Depths (4/4) D:15            Zot (5/5) Depths:4
Ossuary (visited)          WizLab (visited)

Altars:
Ashenzari
Cheibriados
Dithmenos
Elyvilon
Fedhas
Gozag
Hepliaklqana
Kikubaaqudgha
Makhleb
Nemelex Xobeh
Okawaru
Qazlal
Ru
Sif Muna
Trog
Uskayaw
Vehumet
Wu Jian
Xom
Yredelemnul
Zin
The Shining One

Shops:
D:4 *   D:13 (   D:14 !=*[[   Orc:2 (!?   Elf:1 ((   Elf:2 !   Elf:3 *
Vaults:2 [:

Portals:
Hell: Depths:1 Depths:2 Depths:3 Depths:4
Abyss: Depths:3 Depths:4
Pandemonium: Depths:2
Ziggurat: Depths:4

Annotations:
D:2 1 runed translucent door, Crazy Yiuf
Lair:5 benadryl's ghost, journeyman GrFi
Elf:2 3 runed translucent doors
Zot:4 1 runed translucent door, Luser's ghost, veteran OnBe


Innate Abilities, Weirdness & Mutations

You have a pair of horns on your head.
You reflexively headbutt those who attack you in melee.
You have a somewhat thin skeletal structure. (Dex +2, Stealth+)
You have an uncontrollable temper.
You are clumsy. (Dex -2)
Your body often deteriorates upon taking damage.
You are dopey. (Int -2)
Your flesh is heat resistant. (rF+)
You are vulnerable to cold. (rC-)
You occasionally lose the ability to read scrolls when taking damage.
You expend magic power (3 MP) to strengthen your wands.
Your movements are slightly less encumbered by armour. (ER -2)


Message History

There is a stone staircase leading down here.
You see here 8 stones.
There is a stone staircase leading up here.
You climb upwards.
There is a stone staircase leading down here.
There is a stone staircase leading up here.
You climb upwards.
There is a stone staircase leading down here.
There is a stone staircase leading up here.
You climb upwards.
There is a stone staircase leading down here.
Things that are here:
a +0 robe; a +0 dagger
There is a stone staircase leading up here.
You climb upwards.
There is a stone staircase leading down here.
There is a stone staircase leading up here.
You climb upwards.
Level annotation: 1 runed translucent door, Crazy Yiuf
There is a stone staircase leading down here.
You see here 2 boomerangs.
There is a stone staircase leading up, spattered with blood here.
You climb upwards.
There is a stone staircase leading down here.
Aiming: Dig
Press: ? - help, Shift-Dir - straight line, f - you Please select a direction to dig.
A stone staircase leading down.
This square is covered in magical glow.
You feel a surge of power!
The rock shatters into small pieces.
You feel yourself speed up.
There is an open door here.
Aiming: Dig
Press: ? - help, Shift-Dir - straight line, f - you Please select a direction to dig.
This square is covered in magical glow.
You feel a surge of power!
The rock shatters into small pieces.
There is an open door here.
Your extra speed is starting to run out.
There is a staircase leading out of the dungeon here.
You have escaped!

..#...#...# #...#...#..
..#...#...#### ####...#...#..
'##...#...##.#######.##...#...##'
.###..#...#...#...#...#...#..##..
...#'##...#...#.>.#...#...##'#...
......##'###'##...##'###'##......
##...........###'###...........##
#####..................)..#####
#.# ######.....@.....########
##'## #############......# #...##
#.# #.###...#.# .....## ###.#
#.##......# # .....)## ##.#.#
#.##......# ##
.......####....#####.##......###.
.......'.......................'.
.......####...##.###.........###.
......## #........#####..#.## ##


There were no monsters in sight!

Vanquished Creatures
  the Royal Jelly (Slime:5)
  2 dread liches (Zot:5)
  11 orbs of fire (Zot:5)
  A pandemonium lord (D:13)
  Sojobo (Vaults:3)
  Bai Suzhen (Swamp:4)
  3 Killer Klowns (Zot:5)
  Margery (Vaults:2)
  3 caustic shrikes (Depths:2)
  3 curse toes
  Norris (Elf:1)
  8 golden dragons
  Nikola (Swamp:3)
  3 bone dragons
  An Ice Fiend (Depths:4)
  7 tentacled monstrosities
  2 electric golems (Zot:5)
  2 liches
  A moon troll (WizLab)
  22 Orb Guardians (Zot:5)
  2 deep elf blademasters (Elf:3)
  7 quicksilver dragons
  A deep elf master archer (Elf:3)
  A searing wretch (Vaults:1)
  4 sphinxes
  9 acid blobs
  8 death cobs
  7 tentacled starspawn (WizLab)
  A thorn hunter (Swamp:4)
  Gastronok (Orc:1)
  2 tengu reavers
  3 shadow dragons
  12 storm dragons
  Kirke (Elf:1)
  Donald (Swamp:4)
  Roxanne (Swamp:4)
  8 azure jellies
  12 rockslimes
  A draconian monk (Zot:3)
  3 deep elf sorcerers (Elf:3)
  4 draconian knights
  4 protean progenitors
  2 draconian scorchers
  2 demonspawn warmongers (D:14)
  6 draconian shifters
  10 vault wardens
  7 fire giants
  2 fenstrider witches
  6 emperor scorpions
  2 iron dragons (Depths:3)
  6 frost giants
  4 ghost moths
  3 draconian stormcallers
  6 deep elf elementalists (Elf:3)
  3 cacodemons
  2 balrugs
  2 reapers
  23 ironbound preservers
  3 broodmothers
  2 orc warlords
  7 quicksilver oozes
  6 spectral caustic shrikes (Depths:1)
  A caustic shrike skeleton (Depths:2)
  39 very ugly things
  A draconian annihilator (Zot:3)
  A spriggan defender (Depths:3)
  9 ironbound thunderhulks
  4 formless jellyfish (Slime:5)
  3 eleionomae
  5 deep elf death magi
  A vampire knight (Vaults:3)
  25 stone giants
  2 black draconians (Zot:3)
  9 green draconians
  A deep elf demonologist (Elf:3)
  5 yellow draconians
  8 dire elephants
  6 deep elf annihilators
  8 spark wasps
  7 white draconians
  6 purple draconians
  3 red draconians
  Azrael (Elf:1)
  4 bunyips
  A war gargoyle (Vaults:4)
  2 crystal guardians
  7 ettins
  12 yaktaur captains
  Josephine (Lair:4)
  6 deep elf high priests
  10 great orbs of eyes
  14 fire dragons
  3 jiangshi (Depths:2)
  6 entropy weavers
  A shambling mangrove (Swamp:1)
  5 ice dragons
  3 rakshasas
  27 hydras
  2 ogre magi
  A peacekeeper (Vaults:4)
  18 centaur warriors
  3 ghost crabs
  9 vault guards
  5 ironbound frosthearts
  8 spriggan air magi
  6 jorogumos
  A hell beast (Zot:5)
  8 boulder beetles
  6 alligators
  3 radroaches
  6 two-headed ogres
  9 death yaks
  A two-headed ogre (shapeshifter) (D:15)
  29 dancing weapons
  12 demonic crawlers
  5 orc high priests
  8 deep troll earth magi
  4 deep troll shamans
  An occultist (Depths:1)
  10 tengu warriors
  2 vampire magi (Depths:2)
  A sphinx skeleton (Depths:3)
  Urug (Lair:1)
  A sun demon (D:15)
  10 deep elf knights
  11 spriggans
  34 hell knights
  6 spriggan berserkers
  3 wretched stars (WizLab)
  7 soul eaters
  2 iron trolls
  4 skysharks
  2 death drakes (Zot:3)
  8 goliath frogs
  2 pharaoh ants
  2 sixfirhies
  5 skeletal warriors
  A sun moth (Spider:4)
  2 tengu zombies
  6 arcanists
  4 spriggan druids
  8 glowing orange brains
  13 swamp dragons
  An orange crystal statue (WizLab)
  14 lindwurms
  63 deep trolls
  13 orb spiders
  13 deep elf archers
  8 bog bodies
  16 ironbound convokers
  20 deep elf pyromancers
  2 starcursed masses (WizLab)
  5 orc knights
  A phantasmal warrior (Vaults:3)
  19 deep elf zephyrmancers
  12 necromancers
  8 harpies (Vaults:3)
  A flayed ghost (Depths:2)
  A harpy (shapeshifter) (Elf:1)
  32 wolf spiders
  6 steelbarb worms
  A tengu skeleton (Depths:2)
  A shadow dragon skeleton (Depths:2)
  5 orc sorcerers
  6 shining eyes (Slime:5)
  3 manticores
  6 will-o-the-wisps
  2 iron dragon skeletons
  33 moths of wrath
  11 cyclopes
  42 ugly things
  A frost giant skeleton (Depths:3)
  A kobold blastminer (Orc:2)
  A frost giant zombie (Depths:2)
  6 meliai (Spider:3)
  A rust devil (D:15)
  A stone giant skeleton (Depths:2)
  A water nymph (shapeshifter) (Vaults:2)
  4 black mambas
  14 vault sentinels
  A fire giant skeleton (Depths:2)
  8 eyes of devastation (WizLab)
  A black mamba (shapeshifter) (D:14)
  An elf zombie (Vaults:4)
  17 elephants
  A smoke demon (D:15)
  9 torpor snails
  4 large abominations
  3 orange demons
  A storm dragon simulacrum (Depths:2)
  20 cane toads
  9 unseen horrors
  2 gargoyles (D:12)
  2 kobold demonologists (D:10)
  2 efreet
  3 rime drakes
  27 yaktaurs
  2 unseen horror zombies (D:8)
  A yaktaur skeleton (Vaults:4)
  4 ice devils (D:15)
  8 komodo dragons
  2 freezing wraiths
  3 tengu conjurers
  A guardian mummy (Zot:3)
  2 red devils
  5 trolls
  3 bloated husks
  10 tyrant leeches
  A polar bear (Lair:3)
  14 hornets
  A moth of wrath zombie (Zot:3)
  A polar bear (shapeshifter) (D:13)
  47 tarantellas
  4 glass eyes
  20 blink frogs
  4 dream sheep (Lair:3)
  26 jumping spiders
  Sigmund (D:3)
  85 slime creatures
  23 culicivoras
  2 water elementals (Elf:1)
  A spriggan (shapeshifter) (Spider:4)
  4 air elementals
  11 wraiths
  2 ynoxinuls
  51 yaks
  2 wyverns
  4 small abominations (Depths:3)
  11 fire elementals
  A fire bat (shapeshifter) (D:13)
  2 fire bats (D:11)
  A yak (shapeshifter) (D:14)
  15 wargs
  17 golden eyes
  A yaktaur simulacrum (Vaults:4)
  2 hogs (Elf:1)
  6 humans
  6 basilisks
  76 redbacks
  2 neqoxecs (WizLab)
  11 vampire mosquitoes
  2 chaos spawn (Depths:3)
  9 swamp worms
  A steam dragon (D:8)
  A glowing shapeshifter zombie (Depths:2)
  A human skeleton (Vaults:4)
  2 acid dragons
  3 hell hounds (Elf:1)
  17 water moccasins
  A hornet zombie (D:8)
  4 swamp drakes (Swamp:4)
  An ice beast (D:5)
  An ettin simulacrum (Depths:2)
  6 black bears
  26 orc warriors
  14 ogres
  3 laughing skulls (D:13)
  5 wolves (Lair:1)
  14 centaurs
  A phantom (D:6)
  6 kobold brigands
  17 bullfrogs
  An earth elemental (Elf:3)
  A gnoll sergeant (D:13)
  7 scorpions
  6 water moccasin zombies (Ossuary)
  A burial acolyte (Ossuary)
  13 wights
  2 troll zombies (Swamp:3)
  5 killer bees
  2 troll skeletons (Swamp:3)
  2 electric eels (Lair:5)
  4 howler monkeys
  A bombardier beetle (D:6)
  8 crimson imps (D:6)
  2 centaur zombies (D:8)
  28 orc priests
  A jelly (D:6)
  A gnoll bouda (D:9)
  4 sleepcaps
  2 iguanas
  30 orc wizards
  2 killer bee zombies (D:8)
  2 crocodile zombies (Ossuary)
  2 mummies (Ossuary)
  2 howler monkey zombies (D:8)
  Robin (D:2)
  6 gnolls
  11 adders
  2 white imps (D:6)
  6 adder zombies (Ossuary)
  A dart slug (D:2)
  59 orcs
  6 endoplasms
  5 giant cockroaches (D:1)
  14 goblins
  9 hobgoblins
  5 jackals
  4 quokkas
  10 ball pythons
  9 bats
  5 frilled lizards
  13 gnoll zombies (Ossuary)
  2 jackal zombies (Ossuary)
  42 kobolds
  5 orc zombies (Ossuary)
  3 rats (D:2)
  6 starspawn tentacles (WizLab)
2279 creatures vanquished.

Vanquished Creatures (others)
  An Orb Guardian (Zot:5)
  A tengu reaver (Vaults:3)
  A draconian knight (Zot:3)
  A rockslime (Slime:5)
  A centaur warrior (Vaults:4)
  2 goliath frogs (Swamp:3)
  A bog body (Swamp:3)
  A wolf spider (Spider:3)
  A bloated husk (Swamp:1)
  A tarantella (Spider:4)
  A swamp worm (Swamp:2)
  A kobold (D:10)
  8 foxfires (Swamp:3)
  7 starspawn tentacles (WizLab)
28 creatures vanquished.

Grand Total: 2307 creatures vanquished

Notes
Turn   | Place    | Note
-------+----------+-------------------------------------------
     0 | D:1      | Laraso the Minotaur Hunter began the quest for the Orb.
     0 | D:1      | Reached XP level 1. HP: 18/18 MP: 0/0
   191 | D:1      | Reached XP level 2. HP: 25/25 MP: 1/1
   278 | D:1      | Reached skill level 5 in Ranged Weapons
   893 | D:1      | Reached XP level 3. HP: 29/30 MP: 2/2
  1485 | D:2      | Found a faded altar of an unknown god.
  1554 | D:2      | Noticed Robin
  1555 | D:2      | Reached XP level 4. HP: 37/37 MP: 3/3
  1717 | D:2      | Killed Robin
  1770 | D:2      | You fall into a shaft and drop 1 floor!
  1867 | D:2      | Found a runed translucent door.
  1868 | D:2      | Noticed Crazy Yiuf
  2383 | D:3      | Reached XP level 5. HP: 22/42 MP: 4/4
  2479 | D:3      | Identified the +4 trident of Causality {speed, rCorr Dex+8
                  | Stlth-}
  2586 | D:3      | Noticed Sigmund
  2789 | D:3      | Killed Sigmund
  2790 | D:3      | Reached XP level 6. HP: 50/50 MP: 5/5
  3342 | D:4      | Found a staircase to the Ecumenical Temple.
  3437 | Temple   | Entered the Ecumenical Temple
  3501 | Temple   | Became a worshipper of Warmaster Okawaru
  3729 | D:4      | Found Ea-nāṣir's Fine Metal Goods.
  4045 | D:4      | Reached XP level 7. HP: 51/56 MP: 6/6
  4400 | D:5      | Entered Level 5 of the Dungeon
  4544 | D:5      | Reached skill level 10 in Ranged Weapons
  4644 | D:4      | Reached * piety under Okawaru
  4938 | D:4      | Bought a fading hand cannon for 297 gold pieces
  4938 | D:4      | Identified the +8 hand cannon of Valour {freeze, ^Drain
                  | Will+++ rCorr Dex+3} (You bought it in a shop on level 4 of
                  | the Dungeon)
  5242 | D:6      | Found a sand-covered staircase.
  5261 | Ossuary  | Entered an ossuary
  5286 | Ossuary  | Reached XP level 8. HP: 58/62 MP: 7/7
  5402 | Ossuary  | Reached ** piety under Okawaru
  5661 | D:6      | Identified Uwkoerer's Octavo of the Snow-white Sky
  5867 | D:6      | Reached skill level 1 in Invocations
  5867 | D:6      | Reached XP level 9. HP: 68/68 MP: 8/8
  6162 | D:7      | Noticed a deep elf pyromancer
  6164 | D:7      | Killed a deep elf pyromancer
  6164 | D:7      | Reached *** piety under Okawaru
  6165 | D:7      | Reached skill level 5 in Invocations
  6853 | D:8      | Reached **** piety under Okawaru
  7024 | D:8      | Found a basalt altar of Yredelemnul.
  7192 | D:4      | Bought a kite shield for 157 gold pieces
  7298 | D:8      | Reached XP level 10. HP: 77/80 MP: 14/14
  7384 | D:8      | Found an opulent altar of Gozag.
  7442 | D:8      | Reached skill level 5 in Fighting
  7659 | D:8      | Reached skill level 1 in Armour
  7666 | D:8      | Reached skill level 1 in Shields
  7931 | D:9      | Reached ***** piety under Okawaru
  7960 | D:9      | Identified the +1 sling of Imuac {flame, Dex+3}
  8284 | D:9      | Found a staircase to the Lair.
  8326 | D:9      | Reached skill level 5 in Dodging
  8453 | D:10     | Entered Level 10 of the Dungeon
  8456 | D:10     | Reached skill level 5 in Armour
  8461 | D:9      | Reached skill level 5 in Shields
  8530 | D:10     | Received a gift from Okawaru
  8535 | D:10     | Reached XP level 11. HP: 59/89 MP: 15/15
  9089 | D:10     | Found a staircase to the Orcish Mines.
  9561 | D:11     | Received a gift from Okawaru
  9568 | D:11     | Reached skill level 10 in Fighting
  9991 | D:11     | Noticed a red ugly thing
  9993 | D:11     | Killed a red ugly thing
 10001 | D:11     | Noticed a boulder beetle
 10013 | D:11     | Killed a boulder beetle
 10013 | D:11     | Reached ****** piety under Okawaru
 10014 | D:11     | Reached skill level 15 in Ranged Weapons
 10015 | D:11     | Acquired the scarf of Imperfection {repulsion, Int+4}
 10015 | D:11     | Received a gift from Okawaru
 10022 | D:11     | Acquired a +3 hand cannon of flaming
 10022 | D:11     | Received a gift from Okawaru
 10407 | Lair:1   | Entered Level 1 of the Lair of Beasts
 10690 | Lair:1   | Received a gift from Okawaru
 10691 | Lair:1   | Reached XP level 12. HP: 101/106 MP: 16/16
 10843 | Lair:1   | Noticed Urug
 10847 | Lair:1   | Killed Urug
 11376 | Lair:2   | Noticed a five-headed hydra
 11378 | Lair:2   | Killed a five-headed hydra
 11402 | Lair:2   | Noticed a death yak
 11404 | Lair:2   | Noticed a death yak
 11417 | Lair:2   | Killed a death yak
 11417 | Lair:2   | Noticed a death yak
 11422 | Lair:2   | Killed a death yak
 11428 | Lair:2   | Killed a death yak
 11617 | Lair:2   | Received a gift from Okawaru
 11884 | Lair:2   | Found a hole to the Spider Nest.
 12166 | Lair:3   | Noticed a five-headed hydra
 12171 | Lair:3   | Killed a five-headed hydra
 12596 | Lair:3   | Noticed a six-headed hydra
 12601 | Lair:3   | Killed a six-headed hydra
 12609 | Lair:3   | Received a gift from Okawaru
 12748 | Lair:3   | Found a staircase to the Swamp.
 13018 | Lair:4   | Reached XP level 13. HP: 113/113 MP: 18/18
 13178 | Lair:4   | Noticed Josephine
 13186 | Lair:4   | Killed Josephine
 13193 | Lair:4   | Reached skill level 10 in Invocations
 13312 | Lair:4   | Received a gift from Okawaru
 13796 | Lair:4   | Found a staircase to the Slime Pits.
 13847 | Lair:4   | Noticed Sonja
 13849 | Lair:4   | Sonja changed into Sonja the black bear
 13849 | Lair:4   | Noticed Sonja
 13852 | Lair:4   | Killed Sonja the black bear
 14346 | Lair:5   | Entered Level 5 of the Lair of Beasts
 14784 | Lair:5   | Received a gift from Okawaru
 15472 | Lair:5   | Found a runed translucent gate.
 15472 | Lair:5   | Noticed benadryl's ghost (journeyman GrFi)
 15481 | Lair:5   | Identified a scroll of acquirement
 15500 | Lair:4   | Acquired the ring of Liycaepse {rElec rC+ Int+6}
 15521 | Lair:5   | Received a gift from Okawaru
 15741 | Lair:5   | Found a runed translucent gate.
 15742 | Lair:5   | Found a runed translucent gate.
 15755 | Lair:5   | Reached XP level 14. HP: 121/121 MP: 23/23
 15926 | Lair:5   | Received a gift from Okawaru
 16239 | Lair:5   | Reached skill level 10 in Shields
 16249 | Lair:5   | Identified the ring of Ijeup {Wiz rPois Will- Str+3}
 16970 | Lair:5   | Received a gift from Okawaru
 18156 | D:12     | Received a gift from Okawaru
 18863 | D:13     | Got the Grimoire of the Mantidfly
 18923 | D:13     | Found Ryna Zye's Weapon Shoppe.
 19650 | D:13     | Received a gift from Okawaru
 19987 | D:13     | Reached XP level 15. HP: 117/126 MP: 24/24
 20130 | D:13     | Identified the +3 ring mail of the World {rN++}
 20587 | D:14     | Found Viuxzuom's Distillery.
 20600 | D:14     | Found Dorromel's Jewellery Emporium.
 20624 | D:14     | Found Xebeawum's Armour Emporium.
 20628 | D:14     | Found Zaazure's Armour Shop.
 20849 | D:14     | Found Fuonk's General Store.
 20880 | D:14     | Bought a scroll of revelation for 105 gold pieces
 20946 | D:14     | Found a gate to the Vaults.
 21125 | D:14     | Received a gift from Okawaru
 21262 | D:15     | Entered Level 15 of the Dungeon
 21358 | D:15     | Reached skill level 10 in Armour
 21389 | D:15     | Received a gift from Okawaru
 21390 | D:15     | Reached skill level 10 in Dodging
 22232 | D:15     | Received a gift from Okawaru
 22255 | D:15     | Found a staircase to the Depths.
 22306 | D:15     | Found a hide-covered altar of Uskayaw.
 22743 | Orc:1    | Entered Level 1 of the Orcish Mines
 22851 | Orc:1    | Noticed Gastronok
 22858 | Orc:1    | Killed Gastronok
 22897 | Orc:1    | Reached XP level 16. HP: 134/134 MP: 19/25
 23254 | Orc:1    | Identified the +1 ring mail of Crawling {Dex+2}
 23621 | Orc:2    | Entered Level 2 of the Orcish Mines
 24068 | Orc:2    | Found Jenenoi's Distillery.
 24068 | Orc:2    | Found Puikurar's Weapon Shoppe.
 24074 | Orc:2    | Bought the +6 arbalest "Damnation" {damnation} for 880 gold
                  | pieces
 24074 | Orc:2    | Found the +6 arbalest "Damnation" {damnation}
 24128 | Orc:2    | Received a gift from Okawaru
 24259 | Orc:2    | Found a staircase to the Elven Halls.
 24421 | Orc:2    | Found Ogyfimp's Magic Scroll Shoppe.
 24782 | Orc:2    | Bought a scroll of acquirement for 780 gold pieces
 24782 | Orc:2    | Acquired 755 gold pieces
 24784 | Orc:2    | Bought a scroll of blinking for 112 gold pieces
 25320 | Swamp:1  | Entered Level 1 of the Swamp
 25732 | Swamp:1  | Reached skill level 1 in Evocations
 25907 | Swamp:1  | Identified the +7 chain mail of Precision Catastrophes
                  | {Dex+2}
 26028 | Swamp:2  | Received a gift from Okawaru
 26383 | Swamp:2  | Reached skill level 5 in Evocations
 26738 | Swamp:3  | Received a gift from Okawaru
 26965 | Swamp:3  | Noticed Nikola
 26977 | Swamp:3  | Identified the +4 war axe "Utofipos" {freeze, +Blink rC+
                  | Str+5}
 26982 | Swamp:3  | Reached skill level 15 in Armour
 26990 | Swamp:3  | Killed Nikola
 27301 | Swamp:3  | Received a gift from Okawaru
 27345 | Swamp:4  | Entered Level 4 of the Swamp
 27363 | Swamp:4  | Reached XP level 17. HP: 146/146 MP: 26/26
 27435 | Swamp:4  | Noticed Roxanne
 27478 | Swamp:4  | Killed Roxanne
 27560 | Swamp:4  | Noticed Bai Suzhen
 27623 | Swamp:4  | Killed Bai Suzhen
 27758 | Swamp:4  | Noticed Donald
 27767 | Swamp:4  | Killed Donald
 27774 | Swamp:4  | Received a gift from Okawaru
 28074 | Swamp:4  | Got a decaying rune of Zot
 28270 | Spider:1 | Entered Level 1 of the Spider Nest
 28457 | Lair:2   | Reached skill level 15 in Dodging
 28471 | Lair:2   | Received a gift from Okawaru
 28776 | Spider:1 | Learned a level 3 spell: Fugue of the Fallen
 29081 | Spider:1 | Received a gift from Okawaru
 29506 | Spider:2 | Reached XP level 18. HP: 101/154 MP: 27/27
 29868 | Spider:2 | Found a runed translucent door.
 30038 | Spider:2 | Gained mutation: You have supernaturally acute eyesight.
                  | (SInv) [potion of mutation]
 30038 | Spider:2 | Gained mutation: You are frail. (-10% HP) [potion of
                  | mutation]
 30038 | Spider:2 | Gained mutation: You are partially covered in iridescent
                  | scales. (AC +2) [potion of mutation]
 30039 | Spider:2 | Lost mutation: You have supernaturally acute eyesight.
                  | (SInv) [potion of mutation]
 30039 | Spider:2 | Lost mutation: You are frail. (-10% HP) [potion of
                  | mutation]
 30039 | Spider:2 | Gained mutation: You have sharp fingernails. [potion of
                  | mutation]
 30039 | Spider:2 | Gained mutation: You possess an exceptional clarity of
                  | mind. [potion of mutation]
 30039 | Spider:2 | Gained mutation: You expend magic power (3 MP) to
                  | strengthen your wands. [potion of mutation]
 30310 | Spider:2 | Received a gift from Okawaru
 30424 | Spider:3 | Reached skill level 10 in Evocations
 30563 | Spider:3 | Received a gift from Okawaru
 30867 | Spider:4 | Entered Level 4 of the Spider Nest
 31295 | Spider:4 | Received a gift from Okawaru
 31597 | Spider:4 | Received a gift from Okawaru
 31803 | Spider:4 | Identified the +3 pair of gloves "Roagops" {Rampage Str+3}
 31854 | Spider:4 | Got a gossamer rune of Zot
 32267 | Vaults:1 | Entered Level 1 of the Vaults
 32298 | Vaults:1 | Reached XP level 19. HP: 169/169 MP: 28/28
 32300 | Vaults:1 | Reached skill level 15 in Fighting
 33092 | Vaults:1 | Received a gift from Okawaru
 33251 | Vaults:2 | Noticed Margery
 33478 | Vaults:2 | Killed Margery
 33482 | Vaults:2 | Received a gift from Okawaru
 33724 | Vaults:2 | Identified the +1 rapier of the Slime-mould {freeze, rCorr
                  | Int+2}
 34029 | Vaults:2 | Received a gift from Okawaru
 34118 | Vaults:2 | Reached XP level 20. HP: 179/180 MP: 19/29
 34458 | Vaults:2 | Received a gift from Okawaru
 34508 | Vaults:2 | Found Ajezom's Book Boutique.
 34718 | Vaults:2 | Found Kemniwno's Armour Emporium.
 34899 | Vaults:3 | Received a gift from Okawaru
 35358 | Vaults:3 | Noticed Sojobo
 35687 | Vaults:3 | Paralysed by an air elemental for 1 turns
 35694 | Vaults:3 | Killed Sojobo
 36059 | Vaults:3 | Received a gift from Okawaru
 36140 | Vaults:3 | Found a staircase to the Crypt.
 36280 | Vaults:4 | Acquired 387 gold pieces
 36282 | Vaults:4 | Found Boiroe's Book Boutique.
 36538 | Vaults:4 | Received a gift from Okawaru
 36566 | Vaults:4 | Found a magical portal.
 36587 | WizLab   | Entered Lehudib's Moon Base
 36775 | WizLab   | Found a transporter.
 37259 | WizLab   | Gained mutation: Your magical capacity is low. (-10% MP) [a
                  | cacodemon]
 37261 | WizLab   | Gained mutation: Your body sometimes deteriorates upon
                  | taking damage. [a cacodemon]
 37264 | WizLab   | Reached XP level 21. HP: 184/188 MP: 27/27
 37451 | WizLab   | Found a transporter.
 37465 | WizLab   | Received a gift from Okawaru
 37830 | WizLab   | Found the +0 pair of fencer's gloves {Riposte Dex+3}
 38872 | Vaults:4 | Received a gift from Okawaru
 39062 | Vaults:4 | Found a shimmering blue altar of Sif Muna.
 39567 | Depths:1 | Entered Level 1 of the Depths
 40059 | Elf:1    | Entered Level 1 of the Elven Halls
 40130 | Elf:1    | Received a gift from Okawaru
 40184 | Elf:1    | Noticed Kirke
 40184 | Elf:1    | Noticed Azrael
 40189 | Elf:1    | Killed Kirke
 40195 | Elf:1    | Noticed Norris
 40207 | Elf:1    | Killed Azrael
 40210 | Elf:1    | Killed Norris
 40256 | Elf:1    | Found Juix Fareuth's Weapon Emporium.
 40263 | Elf:1    | Found Giagroix's Antique Weapon Shoppe.
 40539 | Elf:1    | Reached XP level 22. HP: 195/195 MP: 28/28
 41109 | Elf:2    | Received a gift from Okawaru
 41116 | Elf:2    | Found a runed translucent gate.
 41117 | Elf:2    | Found a runed translucent gate.
 41117 | Elf:2    | Found a runed translucent gate.
 41147 | Elf:2    | Found Omon's Distillery.
 41161 | Elf:2    | Bought a potion of heal wounds for 80 gold pieces
 41490 | Elf:3    | Entered Level 3 of the Elven Halls
 42162 | Elf:3    | Found Ditiorph's General Store.
 42192 | Elf:3    | Bought a scroll of enchant armour for 90 gold pieces
 42192 | Elf:3    | Bought a potion of heal wounds for 60 gold pieces
 42750 | Elf:3    | Received a gift from Okawaru
 42946 | Elf:3    | Identified the +10 lajatang of Dawn {freeze, rPois rN+++
                  | Will+++ MP-9}
 42946 | Elf:3    | Identified the ring "Yssac" {rElec rPois rN+ Str-2 Int-5}
 43062 | Elf:3    | Got the Parchment of the Jackalope
 43074 | Elf:3    | Identified the +1 ring mail of Gehenna {Slay+5}
 43075 | Elf:3    | Identified the ring "Kolimi" {rPois rN+}
 43080 | Elf:3    | Identified the +5 shortbow "Z" {freeze, rElec rPois Dex-2
                  | Stlth+}
 43081 | Elf:3    | Identified the amulet "Wushrazxa" {Reflect Harm rCorr Int-5
                  | SH+5}
 43090 | Elf:3    | Identified the +4 pair of boots of the Twisting Gods
                  | {Rampage rElec}
 43620 | Depths:1 | Found a gateway to Hell.
 43714 | Depths:1 | Found a glowing silver altar of Zin.
 43870 | Depths:1 | Received a gift from Okawaru
 44565 | Depths:2 | Noticed a caustic shrike
 44568 | Depths:2 | Noticed a caustic shrike
 44574 | Depths:2 | Killed a caustic shrike
 44575 | Depths:2 | Reached skill level 15 in Invocations
 44585 | Depths:2 | Killed a caustic shrike
 44590 | Depths:2 | Noticed a caustic shrike
 44600 | Depths:2 | Killed a caustic shrike
 44651 | Depths:2 | Received a gift from Okawaru
 44776 | Depths:2 | Reached skill level 1 in Spellcasting
 44779 | Depths:2 | Reached skill level 1 in Necromancy
 44861 | Depths:2 | Reached XP level 23. HP: 202/202 MP: 30/30
 44970 | Depths:2 | Found a one-way gate leading to the halls of Pandemonium.
 45131 | Depths:2 | Received a gift from Okawaru
 46332 | Depths:3 | Received a gift from Okawaru
 46382 | Depths:3 | Found a one-way gate to the infinite horrors of the Abyss.
 46725 | Depths:4 | Entered Level 4 of the Depths
 47170 | Depths:4 | Received a gift from Okawaru
 47378 | Depths:4 | Found a one-way gateway to a ziggurat.
 47564 | Depths:4 | Found a gate to the Realm of Zot.
 47601 | Depths:4 | Found a shadowy altar of Dithmenos.
 47744 | Depths:4 | Received a gift from Okawaru
 48405 | Slime:1  | Entered Level 1 of the Pits of Slime
 48646 | Slime:3  | Reached XP level 24. HP: 212/226 MP: 30/30
 49301 | Slime:5  | Entered Level 5 of the Pits of Slime
 49333 | Slime:5  | Noticed the Royal Jelly
 49344 | Slime:5  | Killed the Royal Jelly
 49553 | Slime:5  | Gained mutation: Your magical capacity is very low. (-20%
                  | MP) [a shining eye]
 49554 | Slime:5  | Gained mutation: Your system is resistant to poisons.
                  | (rPois) [a shining eye]
 49605 | Slime:5  | Received a gift from Okawaru
 49774 | Slime:5  | Identified the +4 ring mail "Inaasuph" {rC- rN+ rCorr}
 49792 | Slime:5  | Identified the staff of Geig {rElec Conj}
 49799 | Slime:5  | Identified the +3 war axe of Etwerph {freeze, rF+}
 49819 | Slime:5  | Identified the +3 trident "Hellblazer" {drain, Will++ SInv}
 49851 | Slime:5  | Got the Compilation of Debased Rituals
 49912 | Slime:5  | Got a slimy rune of Zot
 49915 | Slime:5  | Identified the +7 orcbow of the Hero {freeze, rF++ rC++
                  | MP-9}
 49922 | Slime:5  | Gained mutation: You are occasionally teleported next to
                  | monsters. [a shining eye]
 49923 | Slime:5  | Gained mutation: Your spells are a little harder to cast,
                  | but a little more powerful. [a shining eye]
 49926 | Slime:5  | Lost mutation: You are partially covered in iridescent
                  | scales. (AC +2) [potion of mutation]
 49926 | Slime:5  | Lost mutation: Your spells are a little harder to cast, but
                  | a little more powerful. [potion of mutation]
 49926 | Slime:5  | Lost mutation: You have sharp fingernails. [potion of
                  | mutation]
 49926 | Slime:5  | Gained mutation: You are agile. (Dex +4, Str/Int -1)
                  | [potion of mutation]
 49926 | Slime:5  | Lost mutation: You are agile. (Dex +4, Str/Int -1) [potion
                  | of mutation]
 49926 | Slime:5  | Gained mutation: Your spells are a little harder to cast,
                  | but a little more powerful. [potion of mutation]
 49927 | Slime:5  | Lost mutation: Your system is resistant to poisons. (rPois)
                  | [potion of mutation]
 49927 | Slime:5  | Lost mutation: Your magical capacity is very low. (-20% MP)
                  | [potion of mutation]
 49927 | Slime:5  | Gained mutation: Your system is resistant to poisons.
                  | (rPois) [potion of mutation]
 49927 | Slime:5  | Lost mutation: You possess an exceptional clarity of mind.
                  | [potion of mutation]
 49927 | Slime:5  | Gained mutation: Your spells are harder to cast, but more
                  | powerful. [potion of mutation]
 49928 | Slime:5  | Lost mutation: Your magical capacity is low. (-10% MP)
                  | [potion of mutation]
 49928 | Slime:5  | Lost mutation: You are occasionally teleported next to
                  | monsters. [potion of mutation]
 49928 | Slime:5  | Gained mutation: You occasionally lose the ability to read
                  | scrolls when taking damage. [potion of mutation]
 49928 | Slime:5  | Gained mutation: Your movements are slightly less
                  | encumbered by armour. (ER -2) [potion of mutation]
 49929 | Slime:5  | Lost mutation: Your system is resistant to poisons. (rPois)
                  | [potion of mutation]
 49929 | Slime:5  | Lost mutation: Your spells are harder to cast, but more
                  | powerful. [potion of mutation]
 49929 | Slime:5  | Lost mutation: Your movements are slightly less encumbered
                  | by armour. (ER -2) [potion of mutation]
 49929 | Slime:5  | Gained mutation: You have a somewhat thin skeletal
                  | structure. (Dex +2, Stealth+) [potion of mutation]
 49929 | Slime:5  | Gained mutation: Your flesh is heat resistant. (rF+)
                  | [potion of mutation]
 49933 | Slime:5  | Identified the +2 plate armour "Baxtus" {rC- Regen+ rCorr
                  | Int+8}
 50376 | Zot:1    | Entered Level 1 of the Realm of Zot
 50775 | Zot:1    | Reached skill level 5 in Necromancy
 51526 | Zot:2    | You fall into a shaft and drop 2 floors!
 51611 | Zot:3    | Received a gift from Okawaru
 51845 | Zot:3    | Learned a level 2 spell: Sublimation of Blood
 51848 | Zot:3    | Learned a level 2 spell: Cigotuvi's Dreadful Rot
 51923 | Zot:3    | Identified the ring of Doors {rC++ rN+ Will+ AC+4 Stlth-}
 52222 | Zot:2    | Reached skill level 1 in Air Magic
 52222 | Zot:2    | Reached skill level 1 in Alchemy
 53030 | Zot:3    | Received a gift from Okawaru
 54098 | Zot:4    | Received a gift from Okawaru
 54112 | Zot:4    | Reached skill level 10 in Necromancy
 54119 | Zot:4    | Reached XP level 25. HP: 97/238 MP: 34/34
 54422 | Zot:4    | Noticed Luser's ghost (veteran OnBe)
 54427 | Zot:4    | Found a runed translucent door.
 54982 | Zot:4    | Identified the +1 falchion "Yxuode" {antimagic, rElec}
 55166 | Zot:5    | Entered Level 5 of the Realm of Zot
 55685 | Zot:5    | Noticed a Killer Klown
 55685 | Zot:5    | Noticed an orb of fire
 55685 | Zot:5    | Noticed a Killer Klown
 55685 | Zot:5    | Noticed an orb of fire
 55685 | Zot:5    | Noticed an orb of fire
 55685 | Zot:5    | Noticed an orb of fire
 55686 | Zot:5    | Noticed an orb of fire
 55694 | Zot:5    | Noticed an orb of fire
 55695 | Zot:5    | Noticed an orb of fire
 55696 | Zot:5    | Noticed an orb of fire
 55696 | Zot:5    | Noticed an orb of fire
 55698 | Zot:5    | Noticed an orb of fire
 55700 | Zot:5    | Noticed a Killer Klown
 55700 | Zot:5    | Noticed an orb of fire
 55700 | Zot:5    | Noticed an orb of fire
 55706 | Zot:5    | Gained mutation: You sometimes lose your temper in combat.
                  | [an orb of fire]
 55712 | Zot:5    | Lost mutation: Your spells are a little harder to cast, but
                  | a little more powerful. [an orb of fire]
 55776 | Zot:5    | Received a gift from Okawaru
 55784 | Zot:5    | Noticed a dread lich
 55787 | Zot:5    | Killed an orb of fire
 55791 | Zot:5    | Killed a dread lich
 55813 | Zot:5    | Noticed a dread lich
 55816 | Zot:5    | Killed a dread lich
 56333 | Zot:5    | Gained mutation: Your movements are slightly less
                  | encumbered by armour. (ER -2) [an orb of fire]
 56334 | Zot:5    | Gained mutation: Your body often deteriorates upon taking
                  | damage. [an orb of fire]
 56342 | Zot:5    | Killed an orb of fire
 56372 | Zot:5    | Killed a Killer Klown
 56380 | Zot:5    | Gained mutation: You have an uncontrollable temper. [an orb
                  | of fire]
 56383 | Zot:5    | Killed an orb of fire
 56398 | Zot:5    | Killed an orb of fire
 56412 | Zot:5    | Killed an orb of fire
 56424 | Zot:5    | Killed an orb of fire
 56424 | Zot:5    | Received a gift from Okawaru
 56430 | Zot:5    | Killed an orb of fire
 56437 | Zot:5    | Killed an orb of fire
 56438 | Zot:5    | Killed a Killer Klown
 56440 | Zot:5    | Killed a Killer Klown
 56447 | Zot:5    | Killed an orb of fire
 56447 | Zot:5    | Gained mutation: You are vulnerable to cold. (rC-) [an orb
                  | of fire]
 56449 | Zot:5    | Killed an orb of fire
 56536 | Zot:5    | Killed an orb of fire
 56554 | Zot:5    | Got the Orb of Zot
 56563 | Zot:5    | Received a gift from Okawaru
 56803 | Depths:3 | Noticed Varaujautz the pandemonium lord
 56897 | D:15     | Noticed Pimuth the pandemonium lord
 56898 | D:15     | Gained mutation: You are dopey. (Int -2) [a cacodemon]
 57024 | D:13     | Noticed Vairoal the pandemonium lord
 57048 | D:13     | Gained mutation: You are clumsy. (Dex -2) [a cacodemon]
 57063 | D:13     | Noticed Cutua the pandemonium lord
 57069 | D:13     | Killed Vairoal the pandemonium lord
 57342 | D:$      | Escaped with the Orb!

Illustrated notes

Levels and vault maps discovered:
D:1:      dpeg_arrival_water_fire, layout_loops_corners, st_stairs_11
D:2:      layout_loops_ring, shapermc_ecumenical_altar_petra, kennysheep_path_1,
          minmay_close_crescents, uniq_crazy_yiuf_cottage, uniq_robin
D:3:      layout_basic, serial_rivers, chequers_serial_rivers_micro_e,
          chequers_serial_rivers_small_3, chequers_serial_rivers_room_a,
          chequers_serial_rivers_small_3, chequers_serial_rivers_marsh,
          chequers_serial_rivers_room_a, uniq_sigmund
D:4:      layout_loops_cross, temple_green, nicolae_ea-nasir_strikes_again
D:5:      layout_gridville
D:6:      layout_basic, nicolae_ossuary_entry_ruins, grunt_decor_mini_mirrors,
          minmay_misc_feat_diagonals, minmay_nine_imps
D:7:      layout_loops_ring, minmay_starry_boxes
D:8:      layout_cave_pools, mainiacjoe_overflow_small_starburst,
          nicolae_yredelemnul_corpse_copse
D:9:      layout_basic, due_lair_maze_entry_diamond
D:10:     layout_rooms, david_orc_1_choice
D:11:     minmay_firetagon, layout_basic, kennysheep_generic_room_9
D:12:     layout_gridville, special_room [special_room_orc], serial_glass,
          glass_columns_b, glass_columns_a, minmay_misc_feat_nine_boxes
D:13:     layout_irregular_city, serial_shops, nicolae_shop_real_fake_doors,
          nzn_random_ring
D:14:     layout_grid_maze, hellmonk_vaults_keyhole, palyth_stone_intersect,
          serial_shops, nicolae_shop_statue_plus, nicolae_shop_advertising_works
          [nicolae_subvault_shop_adworks], shop, nicolae_shop_window_shopping,
          shop
D:15:     gammafunk_enter_depths_forms, layout_basic, serial_demonic,
          serial_demonic_g, serial_demonic_a, serial_demonic_f,
          serial_demonic_d, nicolae_uskayaw_en_pointe, minivault_23,
          minmay_variable_closet, dreamdust_wasp_nest
Temple:   mainiacjoe_temple_cubbyholes
Lair:1:   layout_cave_pods, uniq_urug
Lair:2:   layout_chaotic_city, spider_nest_entry_funnel_web
Lair:3:   layout_chaotic_city, minmay_swamp_entry_worms, beast_lair_carwin_2
Lair:4:   layout_cave_pods, slime_entry_1, uniq_josephine, uniq_sonja
Lair:5:   minmay_lair_end_frog_pond, layout_regular_city, gammafunk_ghost_split
Swamp:1:  layout_basic_swamp, evilmike_swamp_ruin_house_1, swamp_pool_1_2
Swamp:2:  layout_basic_swamp, evilmike_swamp_ruin_house_4, swamp_pool_1_2
Swamp:3:  layout_falls_marsh, serial_swamp_ruin, evilmike_swamp_ruin_rubble_2,
          evilmike_swamp_ruin_house_2, evilmike_swamp_ruin_house_6,
          cheibrodos_swamp_minitomb, uniq_nikola
Swamp:4:  swamp_basic_johnstein, layout_basic_swamp, swamp_pool_4,
          nicolae_swamp_bean_lake, uniq_bai_suzhen, uniq_roxanne, uniq_donald
Spider:1: layout_spider_delve, nicolae_spider_twisty_arc_passages
Spider:2: cheibrodos_spider_deadly_dance, nicolae_spider_eight_legs
Spider:3: layout_cave_pods
Spider:4: guppyfry_spider_rune, hellmonk_deceptive_appearances
Slime:1:  layout_caves, cheibrodos_slime_lost_civilization_5
Slime:2:  layout_caves
Slime:3:  layout_caves
Slime:4:  layout_caves
Slime:5:  slime_pit_nicolae_jellycorners
Orc:1:    orc_temple, layout_diamond_mine, uniq_gastronok
Orc:2:    st_orc_town, layout_caves
Elf:1:    layout_loops_ring, minmay_shoptagon, uniq_kirke, uniq_norris,
          uniq_azrael
Elf:2:    nicolae_elf_blades_crystal_corner, layout_gridlike, serial_shops,
          shop_fountains, grunt_megastairs_3
Elf:3:    minmay_elf_hall_dome, layout_gridlike, serial_shops, shop,
          hangedman_elven_pyramids, grunt_megastairs_1
Vaults:1: nicolae_vaults_surprise_closet, hangedman_vaults_nodes,
          v_alt_pattern_6, nicolae_vaults_trapezoid_lopsided_2,
          nicolae_vaults_lightning_bolt, vaults_dpeg_hooks,
          nicolae_vaults_mini_display_case, vaults_dpeg_spiral,
          nicolae_vaults_alarming, nicolae_vaults_tetromino_T_1,
          nicolae_vaults_stepped_doors, layout_vaults_ring
Vaults:2: nicolae_vaults_tetromino_Z_2, grunt_vaults_funnel,
          nicolae_vaults_trapezoid_2, vaults_mumra_minichess_inversion,
          nicolae_vaults_spaceships, st_octagons_1,
          nicolae_vaults_more_shelving_2, nicolae_vaults_sesquioval_fish,
          ontoclasm_vaults_idyll, ontoclasm_vaults_misaligned,
          nicolae_vaults_taking_the_gang_shopping, ontoclasm_vaults_shuriken,
          layout_vaults_maze_snakey, serial_shops, shop, uniq_margery
Vaults:3: minmay_crypt_entry_simple_corners, v_pattern_1,
          nicolae_vaults_cochlea, vaults_room_ringed_pool,
          nicolae_vaults_layer_cake_slice, ontoclasm_vaults_loading_screen,
          ontoclasm_vaults_idyll, st_spiral_rooms, nicolae_vaults_trapezoid_1,
          layout_vaults_omnigrid, uniq_sojobo
Vaults:4: lightli_enter_wizlab_magi_temple,
          nicolae_vaults_shipping_containers_1, hangedman_vaults_stagger,
          hangedman_vaults_corner_blocks, v_pattern_3,
          serial_library_hellmonk_narrow_alcove, v_misc_26,
          nicolae_vaults_tetromino_L_1, vaults_standard_mumra_x,
          nicolae_vaults_wine_cellar, nicolae_vaults_variable_pillar_hall,
          layout_vaults_chaotic_city, serial_shops, shop_fountains
Depths:1: layout_honeycomb, lemuel_round_altar, pf_hell_entry_tar_river,
          chequers_hall_statues_corner_a, chequers_serial_rivers_micro_b,
          minmay_statues_item, minmay_misc_feat_hallway,
          nicolae_figureground_sparkle
Depths:2: grunt_deathspiral_small, layout_gridlike, rand_demon_pan_entry_5,
          hell_entry, serial_sigils, serial_sigils_hangedman_gnaw,
          serial_sigils_hangedman_scratch, serial_sigils_hangedman_leer,
          serial_sigils_hangedman_shear, serial_sigils_hangedman_stare,
          columned_hall_lemuel
Depths:3: nzn_winding_woodlands_small [nzn_winding_woodlands_5x15_eye,
          nzn_winding_woodlands_center_garden,
          nzn_winding_woodlands_5x15_lazy_stream], layout_gridville, hell_entry,
          minmay_room_of_horrors, infiniplex_staircase_spiral
Depths:4: evilmike_zot_entry_diamond, layout_cave_shapes, enter_ziggurat_a,
          abyss_entry, hell_entry, nicolae_dithmenos_the_darkroom,
          grunt_megastairs_4
Zot:1:    layout_basic, regret_index_zotdec_silver_v_v_orig_slice,
          skrybe_zot_glass_1
Zot:2:    layout_basic
Zot:3:    hangedman_snap_crack_crunch, layout_concentric_octagons
Zot:4:    kennysheep_oblong_rooms, layout_twisted_circle,
          hellmonk_ghost_happy_afterlife, hangedman_zot_decor_slant
Zot:5:    layout_cathedral_of_symmetry, st_stairs_3

Skill      XL: |  1  2  3  4  5  6  7  8  9 10 11 12 13 14 15 16 17 18 19 20 21 22 23 24 25 |
---------------+----------------------------------------------------------------------------+-----
Ranged Weapons | 5 6 7 8 9 11 13 14 15 18 19 22 | 22.0
Invocations    | 1 7 9 14 16 17 | 17.6
Fighting       | 4 6 10 12 14 16 20 22 | 22.0
Armour         | 5 6 7 12 15 16 20 22 | 22.0
Shields        | 5 6 14 | 14.0
Dodging        | 5 6 7 11 12 16 19 22 | 22.0
Evocations     | 5 7 12 | 12.0
Spellcasting   | 1 4 |  4.0
Necromancy     | 1 4 10 14 | 14.0
Air Magic      | 2 |  2.0
Alchemy        | 2 |  2.0
Stealth        | |  0.7

Action                     |  1- 3 |  4- 6 |  7- 9 | 10-12 | 13-15 | 16-18 | 19-21 | 22-24 | 25-27 || total
---------------------------+-------+-------+-------+-------+-------+-------+-------+-------+-------++-------
  Melee: Arbalest          |       |       |       |       |       |     7 |       |       |       ||     7
         Headbutt          |       |       |       |       |       |     1 |       |       |       ||     1
   Fire: Shortbow          |   128 |   177 |   100 |       |       |       |       |       |       ||   405
         Hand cannon       |       |       |   188 |   446 |  1036 |   113 |       |       |       ||  1783
         Arbalest          |       |       |       |       |       |   928 |  1096 |  1334 |   328 ||  3686
   Cast: Fugue of the Fall |       |       |       |       |       |       |       |     9 |     2 ||    11
 Invoke: Heroism           |       |       |       |     2 |    10 |     8 |     8 |     7 |     4 ||    39
         Receive Weapon    |       |       |       |     1 |       |       |       |       |       ||     1
         Receive Armour    |       |       |       |     1 |       |       |       |       |       ||     1
         Finesse           |       |       |       |       |     2 |     3 |     2 |     2 |     4 ||    13
  Evoke: Wand              |       |       |       |       |     2 |     4 |       |     1 |     4 ||    11
         Lightning rod     |       |       |       |       |       |       |       |     3 |       ||     3
    Use: Scroll            |     6 |     8 |     3 |     9 |    12 |     5 |    14 |     9 |     7 ||    73
         Potion            |       |     2 |       |     1 |     1 |     8 |     1 |    10 |    13 ||    36
 Armour: Leather armour    |     6 |       |       |       |       |       |       |       |       ||     6
         Ring mail         |    13 |    85 |   124 |    61 |       |       |       |       |       ||   283
         Skin              |       |       |       |    27 |       |       |       |       |       ||    27
         Fire dragon scale |       |       |       |    91 |   371 |    69 |       |       |       ||   531
         Swamp dragon scal |       |       |       |       |       |   292 |       |       |       ||   292
         Chain mail        |       |       |       |       |       |       |    79 |       |       ||    79
         Shadow dragon sca |       |       |       |       |       |       |   204 |   511 |    98 ||   813
  Dodge: Dodged            |    24 |    43 |    88 |    71 |   302 |  1115 |   792 |  1241 |   144 ||  3820
         Repelled          |       |       |       |       |     3 |    16 |    16 |    32 |     8 ||    75
  Block: Other             |     7 |    18 |    38 |       |       |       |       |       |       ||    63
         Reflection        |     1 |       |     3 |     9 |    54 |     4 |       |       |       ||    71
         Kite shield       |       |       |     5 |   238 |   784 |    49 |       |       |       ||  1076

Table legend: (Time is in decaauts)
 A = Elapsed time spent in this place.
 B = Non-inter-level travel time spent in this place.
 C = Inter-level travel time spent in this place.
 D = Time resting spent in this place.
 E = Time spent auto-exploring this place.
 F = Levels seen in this place.
 G = Mean time per level.
                   A        B        C        D        E       F      G
               +--------+--------+--------+--------+--------+-----+--------+
         Total |  58687 |  52957 |   5730 |  11083 |  29485 |  54 | 1086.8 |
       Dungeon |  17833 |  15172 |   2661 |   2094 |   9819 |  15 | 1188.9 |
        Temple |    100 |     43 |     57 |      0 |      0 |   1 |  100.0 |
          Lair |   7994 |   7159 |    835 |   1659 |   4193 |   5 | 1598.8 |
         Swamp |   2890 |   2697 |    193 |    599 |   1457 |   4 |  722.5 |
   Spider Nest |   3532 |   3272 |    260 |    856 |   1484 |   4 |  883.0 |
    Slime Pits |   1619 |   1587 |     32 |   1099 |     59 |   5 |  323.8 |
  Orcish Mines |   2405 |   2150 |    255 |    305 |   1313 |   2 | 1202.5 |
   Elven Halls |   3232 |   3017 |    215 |    479 |   1779 |   3 | 1077.3 |
        Vaults |   5657 |   5392 |    265 |    523 |   3392 |   4 | 1414.2 |
        Depths |   5343 |   4765 |    578 |    676 |   3011 |   4 | 1335.8 |
           Zot |   6221 |   5846 |    375 |   2274 |   2167 |   5 | 1244.2 |
       Ossuary |    256 |    256 |      0 |      0 |    138 |   1 |  256.0 |
        Wizlab |   1600 |   1600 |      0 |    517 |    670 |   1 | 1600.0 |
               +--------+--------+--------+--------+--------+-----+--------+

Top non-repeatable levels by time:
  Lair:4: 2697 daAuts
    D:13: 2205 daAuts
    D:14: 1881 daAuts
    D:15: 1866 daAuts
  Lair:5: 1731 daAuts
   Elf:3: 1731 daAuts
   Zot:3: 1654 daAuts
  WizLab: 1600 daAuts
Vaults:3: 1547 daAuts
Vaults:2: 1482 daAuts
Depths:4: 1472 daAuts
  Lair:3: 1411 daAuts
Depths:2: 1400 daAuts
   Zot:4: 1382 daAuts
     D:4: 1381 daAuts
